 Dungeon Crawl Stone Soup version 0.32-a0-132-g2d33c3cfaf (webtiles) character file.

Game seed: 9000707337671929082

54448 CougarLife the Thaumaturge (level 14, -18/109 HPs)
             Began as a Gnoll Earth Elementalist on Feb 9, 2024.
             Was the Champion of Cheibriados.
             Killed from afar by a fire dragon (48 damage)
             ... with a blast of flame
             ... on level 5 of the Lair of Beasts.
             The game lasted 00:48:45 (24332 turns).

CougarLife the Thaumaturge (GnEE)                  Turns: 24332, Time: 00:48:46

Health: -18/109    AC: 14    Str: 23    XL:     14   Next: 72%
Magic:  3/29       EV: 22    Int: 34    God:    Cheibriados [******]
Gold:   1249       SH:  5    Dex: 28    Spells: 11/35 levels left

rFire   . . .        D - +5 dagger (venom)
rCold   . . .        (no shield)
rNeg    . . .        F - +0 acid dragon scales
rPois   +            h - +1 hat
rElec   +            p - +0 cloak "Leevaom" {rElec rPois Slay+3 SInv}
rCorr   +            q - +2 pair of gloves
SInv    +            (no boots)
Will    ++...        y - amulet of reflection
Stlth   +++++        x - ring of willpower
HPRegen 0.38/turn    (no ring)
MPRegen 0.21/turn

%: reflection
@: very slow
A: fangs 1, strong nose, distributed training
a: Renounce Religion, Bend Time, Temporal Distortion, Slouch, Step From Time


You were on level 5 of the Lair of Beasts.
You worshipped Cheibriados.
Cheibriados was exalted by your worship.
You visited 3 branches of the dungeon, and saw 18 of its levels.
You also visited: Ossuary.

You collected 1249 gold pieces.

Inventory:

Hand Weapons
 A - a +2 dagger of electrocution
 D - a +5 dagger of venom (weapon)
Missiles
 t - 4 throwing nets
Armour
 h - a +1 hat (worn)
 p - the +0 cloak "Leevaom" (worn) {rElec rPois Slay+3 SInv}
   (You found it on level 8 of the Dungeon)

   Slay+3:    It affects your accuracy & damage with ranged weapons and melee
   (+3).
   rElec:     It insulates you from electricity.
   rPois:     It protects you from poison SInv: It lets you see invisible.
 q - a +2 pair of gloves (worn)
 F - +0 acid dragon scales (worn)
Magical Staves
 J - a staff of fire
Jewellery
 x - a ring of willpower (left hand)
 y - an amulet of reflection (around neck)
 N - a ring of fire
 O - a +4 ring of slaying
Wands
 d - a wand of digging (16)
 B - a wand of flame (11)
 C - a wand of iceblast (12)
 H - a wand of paralysis (3)
Scrolls
 b - 4 scrolls of immolation
 c - 5 scrolls of torment
 e - 2 scrolls of fear
 f - 5 scrolls of fog
 g - 3 scrolls of brand weapon
 i - 4 scrolls of revelation
 m - 4 scrolls of blinking
 r - 5 scrolls of vulnerability
 s - 8 scrolls of teleportation
 u - 4 scrolls of amnesia
 v - a scroll of poison
 I - a scroll of enchant weapon
 L - 3 scrolls of identify
Potions
 a - 2 potions of berserk rage
 j - 2 potions of might
 k - 2 potions of lignification
 l - 11 potions of curing
 n - 3 potions of enlightenment
 o - 2 potions of ambrosia
 w - 4 potions of haste
 z - 4 potions of attraction
 E - 5 potions of resistance
 G - a potion of mutation
 M - a potion of brilliance
 P - 2 potions of cancellation {unknown}
Miscellaneous
 K - a phial of floods


   Skills:
 + Level 9.8 Fighting
 + Level 9.8 Short Blades
 + Level 9.8 Long Blades
 + Level 9.8 Axes
 + Level 9.8 Maces & Flails
 + Level 9.8 Polearms
 + Level 9.8 Staves
 + Level 9.8 Ranged Weapons
 + Level 9.8 Throwing
 + Level 9.8 Armour
 + Level 10.8 Dodging
 + Level 10.7 Stealth
 + Level 9.8 Shields
 + Level 9.8 Unarmed Combat
 + Level 11.0 Spellcasting
 + Level 8.5 Conjurations
 + Level 8.2 Hexes
 + Level 8.2 Summonings
 + Level 8.2 Necromancy
 + Level 8.2 Translocations
 + Level 8.2 Fire Magic
 + Level 8.2 Ice Magic
 + Level 8.2 Air Magic
 + Level 9.9 Earth Magic
 + Level 8.2 Alchemy
 + Level 10.7 Invocations
 + Level 9.8 Evocations
 + Level 9.0 Shapeshifting


You had 11 spell levels left.
You knew the following spells:

 Your Spells              Type           Power      Damage    Failure   Level
a - Sandblast             Erth           100%       2d20      1%          1
b - Stone Arrow           Conj/Erth      100%       3d13      1%          3
c - Brom's Barrelling Bo  Conj/Erth      69%        2d8       1%          4
d - Arcjolt               Conj/Air       33%        1d43      2%          5
e - Petrify               Alch/Erth      69%        N/A       1%          4
f - Mephitic Cloud        Conj/Alch/Air  66%        N/A       1%          3
g - Ignite Poison         Fire/Alch      65%        N/A       1%          4

Your spell library contained the following spells:

 Spells                   Type           Power      Damage    Failure   Level
 Foxfire                  Conj/Fire      100%       2x1d9     1%          1
 Slow                     Hex            100%       N/A       1%          1
 Cigotuvi's Dreadful Rot  Necr/Alch/Air  100%       N/A       1%          2
 Mercury Vapours          Alch/Air       100%       N/A       1%          2
 Scorch                   Fire           100%       2d9       1%          2
 Confusing Touch          Hex            65%        N/A       1%          3
 Passwall                 Erth           72%        N/A       1%          3
 Sigil of Binding         Hex            65%        N/A       1%          3
 Vampiric Draining        Necr           65%        2d10      1%          3
 Volatile Blastmotes      Fire/Tloc      100%       2d18      1%          3
 Dispel Undead            Necr           65%        3d22      1%          4
 Flame Wave               Conj/Fire      66%        2d15      1%          4
 Fulminant Prism          Conj/Alch      33%        3d16      1%          4
 Iskenderun's Mystic Bla  Conj/Tloc      66%        2d14      1%          4
 Martyr's Knell           Necr/Summ      65%        N/A       1%          4
 Vhi's Electric Charge    Tloc/Air       100%       N/A       1%          4
 Borgnjor's Vile Clutch   Necr/Erth      34%        N/A       1%          5
 Alistair's Intoxication  Alch           43%        N/A       2%          5
 Freezing Cloud           Conj/Ice/Air   33%        6-21      2%          5
 Starburst                Conj/Fire      33%        6d10      14%         6
 Death Channel            Necr           32%        N/A       16%         6
 Eringya's Noxious Bog    Alch           32%        4d6       16%         6
 Plasma Beam              Fire/Air       32%        2x1d45    16%         6
 Summon Cactus Giant      Summ           32%        N/A       16%         6


Dungeon Overview and Level Annotations

Branches:
Dungeon (12/15)            Temple (1/1) D:7            Lair (5/5) D:10
 Shoals (0/4) Lair:3        Snake (0/4) Lair:2        Slime (0/5) Lair:5
Ossuary (visited)
    Orc: D:9-12

Altars:
Ashenzari
Cheibriados
Dithmenos
Elyvilon
Fedhas
Gozag
Hepliaklqana
Kikubaaqudgha
Makhleb
Nemelex Xobeh
Okawaru
Qazlal
Ru
Sif Muna
Trog
Uskayaw
Vehumet
Wu Jian
Xom
Yredelemnul
Zin
The Shining One
Jiyva

Shops:
D:1 =*=?   D:4 ?   D:6 =[   D:7 !   D:8 (

Annotations:
D:4 2 transporters
D:7 3 runed translucent doors, jamsaran's ghost, novice DgFE
D:10 2 runed translucent doors, ablified's ghost, novice MiBe
Lair:5 1 runed translucent door


Innate Abilities, Weirdness & Mutations

You have very sharp teeth.
Your uncanny sense of smell can sniff out nearby items.
Your experience applies equally to all skills.


Message History

The fire dragon is moderately wounded.
The fire dragon breathes flames at you. The blast of flame hits you!!!
Casting: Petrify (mildly dangerous; 1% risk of failure)
Confirm with . or Enter, or press ? or * to list all spells.
Aiming: Stone Arrow (safe; 1% risk of failure)
Press: ? - help, Shift-Dir - straight line, f/p - fire dragon
Aim: a fire dragon (moderately wounded, catching its breath, 84% to hit)
The stone arrow hits the fire dragon!!
The fire dragon is severely wounded.
You block the fire dragon's attack. The fire dragon closely misses you.
The fire dragon tramples you but does no damage.
Casting: Stone Arrow (safe; 1% risk of failure)
Confirm with . or Enter, or press ? or * to list all spells.
Aiming: Stone Arrow (safe; 1% risk of failure)
Press: ? - help, Shift-Dir - straight line, f/p - fire dragon
Aim: a fire dragon (severely wounded, catching its breath, 84% to hit)
The stone arrow misses the fire dragon.
The fire dragon bites you.
* * * LOW HITPOINT WARNING * * *
The fire dragon misses you. The fire dragon completely misses you.
Casting: Stone Arrow (safe; 1% risk of failure)
Confirm with . or Enter, or press ? or * to list all spells.
Aiming: Stone Arrow (safe; 1% risk of failure)
Press: ? - help, Shift-Dir - straight line, f/p - fire dragon
Aim: a fire dragon (severely wounded, 84% to hit)
The stone arrow hits the fire dragon!
The fire dragon is severely wounded.
The fire dragon barely misses you. The fire dragon misses you.
The fire dragon tramples you but does no damage.
Casting: Stone Arrow (safe; 1% risk of failure)
Confirm with . or Enter, or press ? or * to list all spells.
Aiming: Stone Arrow (safe; 1% risk of failure)
Press: ? - help, Shift-Dir - straight line, f/p - fire dragon
Aim: a fire dragon (severely wounded, 84% to hit)
The stone arrow hits the fire dragon!
The fire dragon is almost dead.
The fire dragon breathes flames at you. The blast of flame hits you!!!
You die...
Cheibriados appreciates the motionlessness of death.

.####.....######### §≈# ##.....
## ##..#######ß#.###≈≈# #......
## #### ##ß#≈≈≈≈≈≈≈≈# #...... ≈#
##≈≈≈≈≈..§≈≈### ####... #
§§#####§§≈≈.....≈≈≈≈### ##.. #
§≈#§§≈≈..........§≈≈≈## ##. ##
#≈≈≈≈##.............§.#### ## .#
##≈≈≈###..§..≈...........####
.#####.≈≈####≈§.@§≈.............#
###ß#ß.####≈≈≈≈.D≈≈≈≈#.........##
# ##....##≈≈§##''##.≈§#......####
# #ß.....##≈##....##.§#.....## ##
##......#≈#......#.≈......# #.
##.......#≈#......#≈.......# #.
##.....§..≈§#......#≈#...÷..#ß###
.÷....##≈≈§≈#$$..$$#≈§#......#
........#≈≈≈##:(=$##≈§##.##ß#ß#


You could see a fire dragon (catching breath).

Vanquished Creatures
  6 hydras
  Harold (D:10)
  5 two-headed ogres
  Urug (Lair:2)
  6 death yaks
  Nergalle (D:11)
  A skyshark (Lair:3)
  A fire crab (Lair:5)
  A lindwurm (Lair:5)
  4 deep elf archers (D:9)
  2 deep elf pyromancers (D:9)
  3 cyclopes (D:11)
  An ugly thing (D:11)
  A salamander (Lair:2)
  3 elephants (Lair:3)
  A torpor snail (Lair:3)
  2 molten gargoyles (Lair:5)
  7 black mambas
  A black mamba (shapeshifter) (D:9)
  An unseen horror (shapeshifter) (D:9)
  12 cane toads
  2 rime drakes
  Jeremiah (D:9)
  10 komodo dragons
  2 kobold demonologists (D:11)
  A polar bear (shapeshifter) (D:9)
  6 polar bears
  A queen bee (shapeshifter) (D:9)
  2 trolls (D:10)
  10 blink frogs
  Sigmund (D:2)
  A vampire (D:11)
  49 yaks
  6 wyverns
  5 fire bats (D:9)
  3 wraiths
  6 basilisks
  2 steam dragons
  2 vampire mosquitoes (D:11)
  Menkaure (D:5)
  4 acid dragons
  3 nagas (Lair:2)
  11 water moccasins
  4 hell hounds (Lair:5)
  Pargi (D:3)
  7 orc warriors
  3 ice beasts (D:9)
  3 black bears
  2 sky beasts (D:9)
  An ogre (D:6)
  14 wolves
  16 centaurs
  2 kobold brigands (D:8)
  2 phantoms (D:5)
  2 elf zombies (Ossuary)
  Blork the orc (D:5)
  11 bullfrogs
  2 scorpions
  3 wights (D:9)
  11 killer bees
  An electric eel (Lair:1)
  5 lava snakes (Lair:5)
  3 quasits (D:4)
  3 hounds
  5 human zombies (Ossuary)
  A bombardier beetle (D:5)
  7 orc priests
  2 jellies
  3 sleepcaps
  A spectral scorpion (Ossuary)
  2 iguanas
  17 orc wizards
  A bullfrog simulacrum (Ossuary)
  2 spectral hounds (Ossuary)
  2 crocodile zombies (Ossuary)
  2 mummies (Ossuary)
  6 adders
  8 gnolls
  A hound simulacrum (Ossuary)
  4 shadow imps
  5 white imps
  2 ufetubi (D:4)
  3 spectral adders (Ossuary)
  2 spectral gnolls (Ossuary)
  3 dart slugs
  A ribbon worm (D:4)
  An adder simulacrum (Ossuary)
  39 orcs
  10 ball pythons
  4 bats
  8 endoplasms
  9 giant cockroaches
  5 gnoll zombies (Ossuary)
  7 goblins
  4 hobgoblins
  8 jackals (D:2)
  7 quokkas
  6 frilled lizards
  3 gnoll simulacra (Ossuary)
  3 jackal simulacra (Ossuary)
  14 kobolds
  5 kobold zombies (Ossuary)
  6 orc zombies (Ossuary)
  5 rats
  3 spectral jackals (Ossuary)
514 creatures vanquished.

Vanquished Creatures (collateral kills)
  A boulder (Lair:1)
1 creature vanquished.

Vanquished Creatures (others)
  An unseen horror (D:11)
  A fire bat (D:9)
  A centaur (D:11)
  3 boulders
6 creatures vanquished.

Grand Total: 521 creatures vanquished

Notes
Turn   | Place    | Note
-------+----------+-------------------------------------------
     0 | D:1      | CougarLife the Gnoll Earth Elementalist began the quest for
                  | the Orb.
     0 | D:1      | Reached XP level 1. HP: 13/13 MP: 6/6
   155 | D:1      | Reached XP level 2. HP: 19/19 MP: 5/7
   225 | D:1      | Found Vied's Jewellery Emporium.
   578 | D:1      | Found Faplar's Magic Scroll Shoppe.
   743 | D:1      | Found Utiruts's Jewellery Boutique.
   747 | D:1      | Reached skill level 5 in Spellcasting
   747 | D:1      | Reached XP level 3. HP: 22/25 MP: 6/9
   968 | D:1      | Found Jymuuk's Assorted Antiques.
  1069 | D:2      | Reached skill level 1 in Invocations
  1092 | D:2      | You fall into a shaft and drop 2 floors!
  1092 | D:4      | Found a sand-covered staircase.
  1095 | Ossuary  | Entered an ossuary
  1181 | Ossuary  | Reached skill level 1 in Fighting
  1181 | Ossuary  | Reached skill level 1 in Short Blades
  1181 | Ossuary  | Reached skill level 1 in Long Blades
  1181 | Ossuary  | Reached skill level 1 in Axes
  1181 | Ossuary  | Reached skill level 1 in Maces & Flails
  1181 | Ossuary  | Reached skill level 1 in Polearms
  1181 | Ossuary  | Reached skill level 1 in Staves
  1181 | Ossuary  | Reached skill level 1 in Ranged Weapons
  1181 | Ossuary  | Reached skill level 1 in Throwing
  1181 | Ossuary  | Reached skill level 1 in Armour
  1181 | Ossuary  | Reached skill level 1 in Shields
  1181 | Ossuary  | Reached skill level 1 in Unarmed Combat
  1181 | Ossuary  | Reached skill level 1 in Evocations
  1184 | Ossuary  | Reached skill level 1 in Shapeshifting
  1184 | Ossuary  | Reached XP level 4. HP: 32/32 MP: 8/11
  1289 | Ossuary  | Reached skill level 1 in Hexes
  1289 | Ossuary  | Reached skill level 1 in Summonings
  1289 | Ossuary  | Reached skill level 1 in Necromancy
  1289 | Ossuary  | Reached skill level 1 in Translocations
  1289 | Ossuary  | Reached skill level 1 in Fire Magic
  1289 | Ossuary  | Reached skill level 1 in Ice Magic
  1289 | Ossuary  | Reached skill level 1 in Air Magic
  1289 | Ossuary  | Reached skill level 1 in Alchemy
  1293 | Ossuary  | Reached XP level 5. HP: 23/37 MP: 0/12
  1306 | Ossuary  | HP: 1/37 [human zombie (7)]
  1622 | Ossuary  | Reached XP level 6. HP: 25/44 MP: 9/13
  1786 | Ossuary  | Reached skill level 5 in Dodging
  1953 | Ossuary  | Reached XP level 7. HP: 51/51 MP: 10/15
  2136 | Ossuary  | HP: 2/51 [mummy (16)]
  2321 | Ossuary  | Learned a level 3 spell: Stone Arrow
  2428 | D:4      | Found Gimiczo's Magic Scroll Emporium.
  2432 | D:4      | Reached skill level 5 in Stealth
  2520 | D:4      | Found a transporter.
  3071 | D:4      | Reached XP level 8. HP: 56/58 MP: 11/16
  3232 | D:4      | Found a transporter.
  3797 | D:2      | Noticed Sigmund
  3804 | D:2      | Killed Sigmund
  3805 | D:2      | Reached skill level 6 in Spellcasting
  4476 | D:3      | Noticed Pargi
  4482 | D:3      | Killed Pargi
  4891 | D:5      | Entered Level 5 of the Dungeon
  5414 | D:5      | Reached XP level 9. HP: 61/65 MP: 10/18
  5473 | D:5      | Noticed Blork the orc
  5477 | D:5      | Killed Blork the orc
  5508 | D:5      | Noticed Menkaure
  5516 | D:5      | Killed Menkaure
  5692 | D:5      | Found a burning altar of Makhleb.
  5886 | D:6      | Found a shadowy altar of Dithmenos.
  5934 | D:6      | Found a radiant altar of Vehumet.
  6032 | D:6      | Found Paoran's One-of-a-Kind Rings.
  6668 | D:6      | Found Coijod's Armour Shop.
  6718 | D:6      | Found a glowing silver altar of Zin.
  6718 | D:6      | Found a glowing golden altar of the Shining One.
  6724 | D:6      | Found a snail-covered altar of Cheibriados.
  6730 | D:6      | Found a basalt altar of Yredelemnul.
  6732 | D:6      | Became a worshipper of Cheibriados the Contemplative
  6734 | D:6      | Found a shimmering blue altar of Sif Muna.
  6755 | D:6      | Found an ancient bone altar of Kikubaaqudgha.
  7211 | D:7      | Found Xog Ygoc's Distillery.
  7347 | D:7      | Found a runed translucent gate.
  7348 | D:7      | Found a runed translucent gate.
  7348 | D:7      | Noticed jamsaran's ghost (novice DgFE)
  7350 | D:7      | Found a runed translucent gate.
  7350 | D:7      | Noticed a kobold demonologist
  7442 | D:7      | Reached skill level 5 in Invocations
  7540 | D:7      | Found a staircase to the Ecumenical Temple.
  7580 | Temple   | Entered the Ecumenical Temple
  7738 | D:7      | Reached * piety under Cheibriados
  8038 | D:8      | Reached skill level 7 in Spellcasting
  8115 | D:8      | Learned a level 4 spell: Brom's Barrelling Boulder
  8150 | D:8      | Noticed a two-headed ogre
  8164 | D:8      | Killed a two-headed ogre
  8165 | D:8      | Reached skill level 5 in Fighting
  8165 | D:8      | Reached skill level 5 in Short Blades
  8165 | D:8      | Reached skill level 5 in Long Blades
  8165 | D:8      | Reached skill level 5 in Axes
  8165 | D:8      | Reached skill level 5 in Maces & Flails
  8165 | D:8      | Reached skill level 5 in Polearms
  8165 | D:8      | Reached skill level 5 in Staves
  8165 | D:8      | Reached skill level 5 in Ranged Weapons
  8165 | D:8      | Reached skill level 5 in Throwing
  8165 | D:8      | Reached skill level 5 in Armour
  8165 | D:8      | Reached skill level 5 in Shields
  8165 | D:8      | Reached skill level 5 in Unarmed Combat
  8165 | D:8      | Reached skill level 5 in Evocations
  8165 | D:8      | Reached XP level 10. HP: 35/74 MP: 11/20
  8548 | D:8      | Identified the +0 cloak "Leevaom" {rElec rPois Slay+3 SInv}
  8576 | D:8      | Found Araem's Antique Weapon Shop.
  8591 | D:8      | Noticed a two-headed ogre
  8599 | D:8      | Killed a two-headed ogre
  8600 | D:8      | Reached skill level 5 in Conjurations
  8787 | D:9      | Noticed Jeremiah
  8952 | D:9      | Killed Jeremiah
  8952 | D:9      | Reached ** piety under Cheibriados
  8953 | D:9      | Reached skill level 5 in Shapeshifting
  9070 | D:9      | Noticed a two-headed ogre
  9075 | D:9      | Killed a two-headed ogre
  9783 | D:9      | Reached skill level 5 in Hexes
  9783 | D:9      | Reached skill level 5 in Summonings
  9783 | D:9      | Reached skill level 5 in Necromancy
  9783 | D:9      | Reached skill level 5 in Translocations
  9783 | D:9      | Reached skill level 5 in Fire Magic
  9783 | D:9      | Reached skill level 5 in Ice Magic
  9783 | D:9      | Reached skill level 5 in Air Magic
  9783 | D:9      | Reached skill level 5 in Alchemy
  9786 | D:9      | Reached XP level 11. HP: 70/81 MP: 8/22
  9790 | D:9      | Reached skill level 8 in Spellcasting
 10182 | D:9      | Reached *** piety under Cheibriados
 10225 | D:9      | Noticed a deep elf archer
 10225 | D:9      | Noticed a deep elf pyromancer
 10255 | D:10     | Entered Level 10 of the Dungeon
 10389 | D:10     | Found a staircase to the Lair.
 10406 | D:10     | Found a runed translucent door.
 10406 | D:10     | Noticed a fire crab
 10407 | D:10     | Noticed a cyclops
 10409 | D:10     | Noticed a flayed ghost
 10410 | D:10     | Noticed a skeletal warrior
 10410 | D:10     | Noticed a necromancer
 10411 | D:10     | Noticed a lich
 10412 | D:10     | Noticed ablified's ghost (novice MiBe)
 10413 | D:10     | Noticed a skeletal warrior
 10415 | D:10     | Found a runed translucent door.
 10478 | D:10     | Noticed a two-headed ogre
 10481 | D:10     | Killed a two-headed ogre
 10643 | D:10     | Noticed Harold
 10648 | D:10     | Killed Harold
 11134 | D:11     | Noticed a soul eater
 11444 | D:11     | Noticed a cyclops
 11449 | D:11     | Killed a cyclops
 11604 | D:11     | Noticed a cyclops
 11611 | D:11     | Killed a cyclops
 11697 | D:11     | Noticed a white ugly thing
 11699 | D:11     | Noticed a two-headed ogre
 11705 | D:11     | Killed a white ugly thing
 11708 | D:11     | Killed a two-headed ogre
 11708 | D:11     | Reached **** piety under Cheibriados
 11875 | D:11     | Found a shimmering altar of Xom.
 12017 | D:11     | Noticed Nergalle
 12026 | D:11     | Killed Nergalle
 12027 | D:11     | Reached XP level 12. HP: 86/91 MP: 9/24
 12637 | D:12     | Identified the +5 scale mail of an ice cave {-Cast Fly
                  | rPois Int-5}
 12738 | Lair:1   | Entered Level 1 of the Lair of Beasts
 12748 | D:10     | Reached skill level 9 in Spellcasting
 12948 | Lair:1   | Reached ***** piety under Cheibriados
 13090 | Lair:1   | Found a radiant altar of Vehumet.
 14114 | Lair:2   | Noticed a four-headed hydra
 14121 | Lair:2   | Killed a four-headed hydra
 15993 | D:9      | Reached XP level 13. HP: 97/98 MP: 18/26
 16955 | Lair:2   | Found a staircase to the Snake Pit.
 17019 | Lair:2   | Noticed Urug
 17027 | Lair:2   | Killed Urug
 17360 | Lair:2   | Learned a level 5 spell: Arcjolt
 17455 | Lair:3   | Reached skill level 10 in Spellcasting
 17572 | Lair:3   | Found a staircase to the Shoals.
 17759 | Lair:3   | Reached ****** piety under Cheibriados
 18171 | Lair:3   | Reached skill level 10 in Dodging
 18884 | Lair:4   | Reached skill level 10 in Stealth
 19404 | Lair:4   | Reached XP level 14. HP: 108/108 MP: 6/28
 19580 | Lair:4   | Reached skill level 10 in Invocations
 20511 | Lair:5   | Entered Level 5 of the Lair of Beasts
 20781 | Lair:5   | Identified the +0 scale mail of Refuge {^Drain rElec Int+6}
 22103 | Lair:4   | Learned a level 4 spell: Petrify
 22120 | Lair:5   | HP: 3/108 [fire crab] (13)]
 22586 | Lair:5   | Found a runed translucent door.
 22587 | Lair:5   | Found a viscous altar of Jiyva.
 22587 | Lair:5   | Noticed an acid blob
 22589 | Lair:5   | Found a staircase to the Slime Pits.
 23382 | Lair:5   | Reached skill level 11 in Spellcasting
 24012 | Lair:5   | Found a large runed translucent door.
 24012 | Lair:5   | Found a large runed translucent door.
 24313 | Lair:5   | Learned a level 3 spell: Mephitic Cloud
 24318 | Lair:5   | Learned a level 4 spell: Ignite Poison
 24332 | Lair:5   | Killed from afar by a fire dragon

Illustrated notes

Levels and vault maps discovered:
D:1:      lightli_arrival_quake, layout_basic, serial_shops,
          nicolae_shop_crystal, nicolae_shop_rolling_square,
          nicolae_shop_rolled_up, shop, serial_park_tiny_2, minmay_tetromino_l2
D:2:      layout_rooms, uniq_sigmund
D:3:      layout_loops_ring, nrook_campfire,
          nicolae_concentric_dashed_squares_wild, uniq_pargi
D:4:      gammafunk_cloud_chamber, layout_basic, serial_shops, shop,
          serial_demonic, serial_demonic_e, serial_demonic_d, serial_demonic_g,
          serial_demonic_c, serial_demonic_a, cheibrodos_sewer_entry_drain,
          chequers_ossuary_entry_cave, kennysheep_generic_room_5
D:5:      layout_basic, mainiacjoe_overflow_paths, uniq_blork_the_orc,
          uniq_menkaure
D:6:      layout_gridville, grunt_dithmenos_smoke,
          nicolae_overflow_hallway_of_the_gods, lemuel_doored_altar,
          serial_shops, shop, minmay_misc_feat_square, grunt_decor_junction,
          nicolae_shop_unique_rings
D:7:      layout_cave_pods, minmay_temple_entry_sparse_star, serial_shops, shop,
          gammafunk_ghost_nasty_kobolds, nicolae_zig_zag_zippers
D:8:      layout_rooms, serial_shops, nicolae_shop_crystal
D:9:      dpeg_index_elf_rogue_hall, layout_irregular_city, uniq_jeremiah
D:10:     layout_roguey, lair_entry_dummy, muffindrake_ghost_dual_entry,
          uniq_harold
D:11:     layout_basic, xom_confusion_cloud, uniq_nergalle
D:12:     minmay_the_grid_octo_tiled_octocenter_mashed
          [minmay_the_grid_octo_pinwheel, minmay_the_grid_octo_odd_swirl,
          minmay_the_grid_octo_chip, minmay_the_grid_octo_checkerflower,
          minmay_the_grid_octo_prize_star, minmay_the_grid_square_5x5_two,
          minmay_the_grid_square_5x5_inner_z, minmay_the_grid_square_5x5_comb,
          minmay_the_grid_square_5x5_minimal], layout_rooms,
          kennysheep_orc_monster_closet_entryway, gammafunk_ghost_ooze,
          roadster_trireme
Temple:   hellmonk_temple_forest_ring
Lair:1:   layout_layer_cave, basic_altar, chequers_serial_rivers_micro_d,
          serial_bayou_shore_a
Lair:2:   layout_long_grid, alex1729_snake_entry_snake, uniq_urug
Lair:3:   layout_small_grid, minmay_shoals_entry_centaurs, lemuel_fruit_fields
Lair:4:   layout_cave_pods, serial_rivers, chequers_serial_rivers_large_b,
          chequers_serial_rivers_large_a, chequers_serial_rivers_small_b,
          chequers_serial_rivers_small_a, chequers_serial_rivers_micro_e,
          chequers_serial_rivers_small_b, lemuel_fruit_tree
Lair:5:   cheibrodos_lair_end_hotspot, layout_layer_cave, slime_entry_2

Skill      XL: |  1  2  3  4  5  6  7  8  9 10 11 12 13 14 |
---------------+-------------------------------------------+-----
Conjurations   | 2 3 4 5 6 7 8 |  8.5
Spellcasting   | 5 6 7 8 9 10 11 | 11.0
Invocations    | 1 2 3 4 5 6 7 8 9 10 | 10.7
Fighting       | 1 2 3 5 6 7 8 9 |  9.8
Short Blades   | 1 2 3 5 6 7 8 9 |  9.8
Long Blades    | 1 2 3 5 6 7 8 9 |  9.8
Axes           | 1 2 3 5 6 7 8 9 |  9.8
Maces & Flails | 1 2 3 5 6 7 8 9 |  9.8
Polearms       | 1 2 3 5 6 7 8 9 |  9.8
Staves         | 1 2 3 5 6 7 8 9 |  9.8
Ranged Weapons | 1 2 3 5 6 7 8 9 |  9.8
Throwing       | 1 2 3 5 6 7 8 9 |  9.8
Armour         | 1 2 3 5 6 7 8 9 |  9.8
Shields        | 1 2 3 5 6 7 8 9 |  9.8
Unarmed Combat | 1 2 3 5 6 7 8 9 |  9.8
Evocations     | 1 2 3 5 6 7 8 9 |  9.8
Shapeshifting  | 1 2 3 4 5 6 7 8 9 |  9.0
Hexes          | 1 2 3 4 5 6 7 8 |  8.2
Summonings     | 1 2 3 4 5 6 7 8 |  8.2
Necromancy     | 1 2 3 4 5 6 7 8 |  8.2
Translocations | 1 2 3 4 5 6 7 8 |  8.2
Fire Magic     | 1 2 3 4 5 6 7 8 |  8.2
Ice Magic      | 1 2 3 4 5 6 7 8 |  8.2
Air Magic      | 1 2 3 4 5 6 7 8 |  8.2
Alchemy        | 1 2 3 4 5 6 7 8 |  8.2
Dodging        | 5 6 7 8 9 10 | 10.8
Stealth        | 5 6 7 8 9 10 | 10.7
Earth Magic    | 6 7 8 9 |  9.9

Action                     |  1- 3 |  4- 6 |  7- 9 | 10-12 | 13-15 || total
---------------------------+-------+-------+-------+-------+-------++-------
  Melee: Dagger            |     6 |    28 |    42 |     5 |    65 ||   146
         Bite              |     1 |     2 |     3 |       |    18 ||    24
         Punch             |     1 |       |     3 |     1 |    11 ||    16
   Cast: Sandblast         |    51 |    94 |   291 |   265 |   129 ||   830
         Stone Arrow       |       |       |    12 |    92 |   193 ||   297
         Brom's Barrelling |       |       |       |     6 |       ||     6
         Arcjolt           |       |       |       |       |    39 ||    39
         Petrify           |       |       |       |       |     6 ||     6
  Evoke: Wand              |       |       |       |       |     2 ||     2
    Use: Potion            |       |     1 |       |     2 |     2 ||     5
         Scroll            |       |       |    11 |    11 |     4 ||    26
   Stab: Petrifying        |       |       |       |       |     1 ||     1
 Armour: Robe              |     8 |    99 |   166 |    35 |       ||   308
         Acid dragon scale |       |       |       |   147 |   204 ||   351
  Dodge: Dodged            |    23 |    78 |   182 |   295 |   395 ||   973
  Block: Other             |       |       |       |    70 |    76 ||   146
         Reflection        |       |       |       |    15 |     2 ||    17

Table legend: (Time is in decaauts)
 A = Elapsed time spent in this place.
 B = Non-inter-level travel time spent in this place.
 C = Inter-level travel time spent in this place.
 D = Time resting spent in this place.
 E = Time spent auto-exploring this place.
 F = Levels seen in this place.
 G = Mean time per level.
                   A        B        C        D        E       F      G
               +--------+--------+--------+--------+--------+-----+--------+
         Total |  31500 |  29331 |   2169 |   7756 |  15458 |  19 | 1657.9 |
       Dungeon |  16488 |  15079 |   1409 |   3387 |   8233 |  12 | 1374.0 |
        Temple |      1 |      1 |      0 |      0 |      0 |   1 |    1.0 |
          Lair |  13723 |  12964 |    759 |   3641 |   7117 |   5 | 2744.6 |
       Ossuary |   1286 |   1286 |      0 |    728 |    107 |   1 | 1286.0 |
               +--------+--------+--------+--------+--------+-----+--------+

Top non-repeatable levels by time:
     D:9: 4040 daAuts
  Lair:4: 3739 daAuts
  Lair:5: 3683 daAuts
  Lair:1: 2270 daAuts
    D:11: 2209 daAuts
  Lair:3: 2089 daAuts
  Lair:2: 1939 daAuts
    D:10: 1543 daAuts
     D:7: 1331 daAuts
 Ossuary: 1286 daAuts
     D:4: 1236 daAuts
     D:6: 1234 daAuts
     D:8: 1131 daAuts
     D:5: 1089 daAuts
     D:1: 1051 daAuts
